cohdb
Replays
Latest Replays
All Replays
Popular Replays
Top Player Replays
Match Explorer
How It Works
Community
CoH3 Stats
Reddit
Sign in to upload your games and track your stats! →
Sign in with Steam
Match 25480509
Unlisted
Match 25480509
Overview
Messages
Build Orders
End
Panzergrenadier Squad
Panzergrenadier Squad
Construct Light Support Kompanie
MG34 Team
Fire Support Elements
Combat Half-tracks
250 Light Carrier
2.5-tonne Medical Truck
Pak 38 Anti-tank Gun Team
Veteran Squad Leaders
Construct Mechanized Kompanie
Selects Italian Infantry
Selects Guastatori Squad
Selects Registered Artillery
Selects Defensive Operations
Support Armor Elements
le.IG 18 Mechanized Group
Guastatori Squad
Selects Towed Cannone da 105/28 Field Howitzer
Registered Artillery
8 Rad Armored Car
Construct Panzerarmee Kommand
Selects Prepared Positions
Armored Reserves
Towed Cannone da 105/28 Field Howitzer
Selects Obice 305mm Barrage
Panzer IV Assault Group
Bartolini ce
UH|dun! ツ
jodone
KenHo
Grim reaper No.0032
Tempestus Scion_plasma gun
0
0
Comments
sign in to comment!
No comments posted yet!